Map: Dusk Towers

Players

storakles - Winner!

  • Race: Zerg Zerg
  • League: Platinum

blackxored

  • Race: Zerg Zerg
  • League: Platinum

VOD

Have the link to the VOD?

Description

Time

  • Played on: June 27, 2016, 1:27 p.m.
  • Length: 9:47
Show
View Real Time Build Order
Export as new Build Order

storakles Zerg - Winner!

Build Orders: Hatch First 

Get SALT Encoding   

  12  0:01  Drone  
  13  0:12  Overlord  
  13  0:17  Drone  
  14  0:30  Drone  
  14  0:31  Drone  
  16  0:38  Drone  
  17  0:54  Hatchery  
  17  0:57  Drone  
  17  0:59  Drone  
  17  1:03  Extractor  
  17  1:16  Spawning Pool  
  16  1:19  Drone  
  16  1:23  Drone  
  18  1:31  Drone  
  19  1:38  Overlord  
  19  1:49  Drone  
  20  2:00  Drone  
  21  2:04  Metabolic Boost, Queen  
  21  2:08  Queen  
  23  2:12  Zergling x2  
  26  2:15  Zergling x2  
  26  2:18  Drone  
  28  2:23  Drone  
  28  2:29  Drone  
  30  2:36  Baneling Nest, Drone  
  30  2:44  Drone x2  
  30  2:50  Overlord  
  32  3:00  Overlord  
  32  3:14  Drone x4  
  32  3:15  Drone x2  
  38  3:25  Lair  
  38  3:28  Extractor  
  38  3:29  Extractor x2, Drone  
  38  3:30  Drone x3  
  38  3:31  Drone  
  40  3:44  Drone  
  40  3:45  Drone  
  42  3:52  Drone x6  
  42  3:53  Drone  
  49  3:56  Drone  
  50  4:08  Baneling  
  50  4:12  Overlord x2  
  49  4:35  Drone  
  49  4:36  Spire  
  49  4:39  Drone  
  50  4:48  Overlord x2, Hatchery  
  50  4:51  Queen  
  51  4:54  Zergling x2  
  52  5:13  Baneling x2  
  52  5:48  Zerg Flyer Armor Level 1, Mutalisk x9  
  70  5:52  Drone x2  
  70  5:53  Drone x6  
  78  6:07  Mutalisk x2  
  78  6:08  Mutalisk  
  84  6:20  Drone x5  
  84  6:21  Extractor x2, Drone x2  
  84  6:23  Overlord  
  89  6:38  Zergling x4, Spine Crawler x2  
  89  6:39  Zergling x2  
  90  6:40  Overlord x3, Spine Crawler  
  90  6:41  Overlord  
  89  6:52  Zergling x16  
  89  7:03  Mutalisk x3  
  94  7:12  Spawning Pool  
  88  7:16  Mutalisk x4  
  88  7:21  Queen x2  
  89  7:36  Mutalisk  
  91  7:50  Zergling x4  
  91  7:51  Zergling x14  
  87  8:14  Mutalisk x3  
  87  8:18  Drone  
  87  8:19  Drone x2  
  94  8:52  Spine Crawler x3  
  94  8:53  Spine Crawler  
  82  9:00  Mutalisk x3  
  88  9:24  Drone x6  
  89  9:34  Drone  
Show
View Real Time Build Order
Export as new Build Order

blackxored Zerg 

Build Orders: Hatch First 

Get SALT Encoding   

  12  0:01  Drone  
  13  0:10  Drone  
  14  0:18  Overlord  
  14  0:24  Extractor  
  14  0:25  Drone  
  15  0:37  Drone x2  
  17  0:54  Hatchery  
  17  0:56  Drone  
  17  1:00  Drone  
  18  1:11  Extractor  
  18  1:16  Spawning Pool  
  16  1:20  Drone x2  
  18  1:28  Drone  
  19  1:41  Overlord  
  19  1:50  Drone  
  20  2:05  Roach Warren  
  20  2:06  Queen  
  20  2:07  Queen  
  23  2:09  Zergling x4  
  25  2:17  Metabolic Boost  
  25  2:19  Zergling x2  
  25  2:21  Zergling x2  
  27  2:36  Drone x3  
  30  2:52  Roach x3  
  36  3:14  Overlord x3, Extractor  
  34  3:27  Drone  
  34  3:28  Drone  
  34  3:33  Drone  
  37  3:35  Lair  
  37  3:37  Queen  
  39  3:55  Drone x4  
  42  3:56  Drone x2  
  45  4:08  Overlord  
  45  4:16  Drone  
  46  4:19  Drone x2  
  48  4:25  Evolution Chamber  
  48  4:28  Drone  
  45  4:36  Glial Reconstitution  
  45  4:38  Drone x2  
  45  4:40  Overlord  
  45  4:45  Queen  
  47  4:49  Overlord x3  
  49  4:53  Zerg Missile Weapons Level 1  
  49  5:03  Roach x2  
  49  5:04  Roach  
  55  5:08  Roach  
  55  5:13  Roach  
  59  5:16  Roach  
  59  5:19  Roach x2  
  59  5:20  Roach  
  67  5:25  Roach  
  69  5:31  Ravager x2  
  71  5:49  Drone x3  
  74  5:51  Roach x3  
  74  5:52  Roach  
  84  5:57  Roach x2  
  86  6:07  Zergling x2  
  86  6:08  Zergling x6  
  90  6:17  Zergling x2  
  90  6:18  Zergling x2  
  92  6:19  Hatchery  
  92  6:23  Zergling x2  
  92  6:26  Zergling x4  
  92  6:27  Zergling x4  
  92  6:32  Queen x2  
  100  6:37  Overlord  
  100  6:38  Overlord  
  100  6:44  Spore Crawler  
  96  6:56  Spore Crawler  
  86  7:06  Zergling x16  
  82  7:15  Zergling x4  
  82  7:16  Zergling x2  
  82  7:20  Roach  
  82  7:21  Roach  
  60  7:54  Roach  
  60  7:55  Roach x8  
  69  8:08  Zergling x10  
  74  8:19  Hydralisk Den  
  67  8:37  Spore Crawler  
  64  8:42  Queen x3  
  67  8:52  Hydralisk x8  
  70  9:03  Spore Crawler  
  70  9:05  Spore Crawler  
  68  9:12  Hydralisk  
Tags
 
Add a new tag
Caveats
  • Supply blocks, unpowered buildings, or Contaminate may cause inaccurate times.
  • Supply counts are checked every 10 seconds.